 Dungeon Crawl Stone Soup version 0.25-b1-41-g19641232cd (webtiles) character file.

Game seed: 4289370119416425161

86 Delamore the Cudgeler (level 4, -2/28 HPs)
             Began as a Gargoyle Fighter on June 8, 2020.
             Slain by Sigmund
             ... wielding a +1 scythe of venom
              (10 damage)
             ... on level 2 of the Dungeon.
             The game lasted 00:01:17 (870 turns).

Delamore the Cudgeler (Gargoyle Fighter)             Turns: 870, Time: 00:01:17

Health: -2/28      AC: 11    Str: 21    XL:     4   Next: 49%
Magic:  4/4        EV:  7    Int:  8    God:
Gold:   99         SH:  9    Dex:  9    Spells: 3/3 levels left

rFire    . . .     SeeInvis .   r - +2 whip (venom)
rCold    . . .     Gourm    .   c - +0 kite shield
rNeg     + . .     Faith    .   b - +0 scale mail
rPois    ∞         Spirit   .   (no helmet)
rElec    +         Reflect  .   (no cloak)
rCorr    .         Harm     .   (no gloves)
MR       .....                  l - +0 pair of boots
Stlth    ..........             (no amulet)
HPRegen  0.09/turn              (no ring)
MPRegen  0.09/turn              (no ring)

@: no status effects
A: negative energy resistance 1, electricity resistance, unbreathing,
petrification resistance, rot immunity, AC +3
a: no special abilities


You were on level 2 of the Dungeon.
You were not hungry.

You visited 1 branch of the dungeon, and saw 2 of its levels.

You collected 99 gold pieces.

Inventory:

Hand Weapons
 a - a +0 flail
 r - a +2 whip of venom (weapon)
Missiles
 n - 2 javelins (quivered)
Armour
 b - a +0 scale mail (worn)
 c - a +0 kite shield (worn)
 l - a +0 pair of boots (worn)
Jewellery
 i - an uncursed ring of ice {unknown}
Scrolls
 e - 3 scrolls of identify {unknown}
 g - a scroll of teleportation {unknown}
 h - a scroll of magic mapping {unknown}
 q - a scroll of blinking {unknown}
Potions
 d - a potion of might
 j - a potion of degeneration {unknown}
 k - 2 potions of heal wounds {unknown}
 m - 3 potions of mutation {unknown}
 o - a potion of flight {unknown}
Comestibles
 f - 5 rations
 p - a chunk of flesh


   Skills:
 - Level 3.2 Fighting
 + Level 4.6 Maces & Flails
 - Level 3.2 Armour
 - Level 3.2 Shields


You had 3 spell levels left.
You didn't know any spells.
Your spell library was empty.

Dungeon Overview and Level Annotations

Branches:
Dungeon (2/15)

Altars:

Annotations:
D:2 Sigmund


Innate Abilities, Weirdness & Mutations

You are resistant to torment.
Your stone body is resilient. (AC +3)
You are immune to poison.
You resist negative energy. (rN+)
You are resistant to electric shocks. (rElec)
You can survive without breathing.
You are immune to petrification.
You are immune to rotting.


Message History

Aim: a gnoll, wielding a +0 halberd (heavily wounded)
You throw a javelin. The javelin pierces through the gnoll.
The gnoll is severely wounded.
You block something's attack.
Throwing (i - inventory)
n - 3 javelins (quivered)
Press: ? - help, Shift-Dir - straight line, f/p - gnoll
Aim: a gnoll, wielding a +0 halberd (severely wounded)
You throw a javelin. The javelin pierces through the gnoll!
You kill the gnoll!
Something hits you but does no damage.
Throwing (i - inventory)
n - 2 javelins (quivered)
Press: ? - help, Shift-Dir - straight line, f - you
Okay, then.
You block something's attack.
Things that are here:
a +0 club; a gnoll corpse You hit something.
You barely miss something. Something hits you but does no damage.
You closely miss something. Something hits you!
You die...

#.# ##### #.#
##...##### #.#
#........### #.#
#.#........## #.#
#.####......#
###.###.# ####...##
#.[.....# ##...# +
#.#.##.## #...## ..
#.#.##@# ##...###
... ##.#.##.#
#...... ....
##..#..#)# ##.....
.....####...#g...##
###...
.....()...)....>..#
####
...>.####...#....##
# .... ##.....((# .
... #.####### . ..
#.# #


There were no monsters in sight!

Vanquished Creatures
  4 gnolls (D:2)
  2 adders (D:2)
  A dart slug (D:1)
  A leopard gecko (D:2)
  3 goblins (D:1)
  6 hobgoblins
  2 jackals (D:1)
  A quokka (D:2)
  2 bats (D:1)
  A frilled lizard (D:1)
  2 kobolds (D:1)
  2 rats (D:1)
27 creatures vanquished.

Notes
Turn   | Place    | Note
-------+----------+-------------------------------------------
     0 | D:1      | Delamore the Gargoyle Fighter began the quest for the Orb.
     0 | D:1      | Reached XP level 1. HP: 14/14 MP: 1/1
    51 | D:1      | Reached XP level 2. HP: 19/19 MP: 2/2
   144 | D:1      | Reached skill level 3 in Maces & Flails
   575 | D:2      | Reached XP level 3. HP: 23/23 MP: 3/3
   840 | D:2      | Reached skill level 4 in Maces & Flails
   840 | D:2      | Noticed Sigmund
   847 | D:2      | Reached XP level 4. HP: 13/28 MP: 4/4
   870 | D:2      | Slain by Sigmund

Illustrated notes

Levels and vault maps discovered:
D:1:      dpeg_arrival_short_road, layout_rooms
D:2:      kennysheep_six_static_rooms, layout_loops_corners, eino_curves_04,
          uniq_sigmund

Skill      XL: |  1  2  3 |
---------------+----------+-----
Maces & Flails | 3 4 |  4.6
Fighting       | |  3.2
Armour         | |  3.2
Shields        | |  3.2

Action                   |  1- 3 |  4- 6 || total
-------------------------+-------+-------++-------
Melee: Flail             |    74 |       ||    74
       Whip              |    15 |     3 ||    18
Throw: Javelin           |       |     6 ||     6
Armor: Scale mail        |    40 |     5 ||    45
Dodge: Dodged            |    35 |     2 ||    37
Block: Kite shield       |    47 |     3 ||    50
